 Dungeon Crawl Stone Soup version 0.25.1-2-g60ff931df9 (webtiles) character file.

Game seed: 8389972243419467719

5226 Allula97 the Magician (level 10, -6/84 HPs)
             Began as a Purple Draconian Transmuter on Nov 16, 2020.
             Was an Elder of Cheibriados.
             Mangled by an orc warrior
             ... wielding a +0 spear
              (18 damage)
             ... in a bailey.
             The game lasted 00:48:17 (6466 turns).

Allula97 the Magician (Purple Draconian Transmuter) Turns: 6466, Time: 00:48:18

Health: -6/84      AC:  8    Str: 25    XL:     10   Next: 35%
Magic:  32/32      EV: 17    Int: 24    God:    Cheibriados [****..]
Gold:   260        SH:  0    Dex: 22    Spells: 6/24 levels left

rFire    . . .     SeeInvis .     - Unarmed
rCold    . . .     Gourm    .   (no shield)
rNeg     . . .     Faith    .   (armour unavailable)
rPois    .         Spirit   .   (helmet restricted)
rElec    +         Reflect  .   E - +0 cloak
rCorr    .         Harm     .   (no gloves)
MR       +....                  (no boots)
Stlth    +++.......             v - amulet of regeneration
HPRegen  0.64/turn              G - ring of magical power
MPRegen  0.23/turn              w - ring "Hasiw" {Wiz rElec}

@: short of breath, flying, very slow
A: breathe power, unfitting armour, hooves 1, high mp 1, cold-blooded, AC +7
a: Breathe Dispelling Energy, Bend Time, Temporal Distortion, Slouch, Renounce
Religion


You were in a bailey.
You worshipped Cheibriados.
Cheibriados was greatly pleased with you.
You were hungry.

You visited 2 branches of the dungeon, and saw 9 of its levels.
You also visited: Ossuary and Bailey.

You collected 260 gold pieces.

Inventory:

Hand Weapons
 e - a +1 hand axe of electrocution
 z - a +2 long sword of holy wrath
 B - a +2 vorpal hunting sling
Missiles
 a - 51 arrows
 m - 16 poisoned darts (quivered)
 D - 119 stones
Armour
 E - a +0 cloak (worn)
 I - a cursed +0 robe
Jewellery
 i - an uncursed ring of ice
 v - an amulet of regeneration (around neck)
 w - the ring "Hasiw" (right hand) {Wiz rElec}
   (You found it on level 5 of the Dungeon)

   [ring of wizardry]

   It improves your spell success rate.
   It insulates you from electricity.
 G - a ring of magical power (left hand)
 H - an uncursed ring of wizardry
Wands
 s - a wand of enslavement (7)
Scrolls
 b - 4 scrolls of amnesia
 g - 4 scrolls of teleportation
 n - a scroll of torment {unknown}
 o - 4 scrolls of remove curse
 q - 2 scrolls of blinking {unknown}
 x - a scroll of fog {unknown}
 y - a scroll of random uselessness {unknown}
 A - 2 scrolls of magic mapping
 C - 2 scrolls of noise
 F - 2 scrolls of enchant armour
 J - a scroll of fear {unknown}
Potions
 f - 2 potions of cancellation
 h - 6 potions of curing
 k - 3 potions of magic
 p - 5 potions of brilliance
 r - 2 potions of ambrosia
 t - 2 potions of stabbing
 u - 2 potions of might
Comestibles
 c - 14 rations
 d - 12 chunks of flesh


   Skills:
 + Level 6.5 Fighting
 + Level 5.4 Dodging
 + Level 3.0 Stealth
 * Level 7.3 Unarmed Combat
 * Level 7.6 Spellcasting
 + Level 0.0 Hexes
 + Level 6.8 Transmutations
 + Level 2.6 Ice Magic
 + Level 4.6 Invocations


You had 6 spell levels left.
You knew the following spells:

 Your Spells              Type           Power        Failure   Level  Hunger
a - Beastly Appendage     Tmut           #####.       1%          1    None
b - Spider Form           Tmut/Pois      ####......   1%          3    None
c - Ice Form              Ice/Tmut       ####....     4%          4    ###....
d - Blade Hands           Tmut           #####.....   4%          5    #####..
e - Ensorcelled Hibernat  Hex/Ice        ###...       2%          2    None
f - Tukima's Dance        Hex            #.......     9%          3    None

Your spell library contained the following spells:

 Spells                   Type           Power        Failure   Level  Hunger
 Sticks to Snakes         Tmut           #####...     1%          2    None
 Corona                   Hex            #......      2%          1    None
 Confusing Touch          Hex            #.......     9%          3    None
 Dazzling Flash           Conj/Hex       #.....       9%          3    None


Dungeon Overview and Level Annotations

Branches:
Dungeon (8/15)             Temple (1/1) D:6         Ossuary (visited)
 Bailey (1/1)
   Lair: D:8-11

Altars:
Ashenzari
Cheibriados
Dithmenos
Elyvilon
Fedhas
Gozag
Hepliaklqana
Kikubaaqudgha
Makhleb
Nemelex Xobeh
Okawaru
Qazlal
Ru
Sif Muna
Trog
Uskayaw
Vehumet
Wu Jian
Xom
Yredelemnul
Zin
The Shining One

Shops:
D:4 **


Innate Abilities, Weirdness & Mutations

You can breathe bolts of dispelling energy.
Your rich purple scales are hard. (AC +7)
You cannot fit into any form of body armour.
You are cold-blooded and may be slowed by cold attacks.
You have large cloven feet.
You have an increased reservoir of magic. (+10% MP)


Message History

You throw a poisoned dart.
The poisoned dart barely misses the orc warrior.
The orc warrior hits you from afar with a +0 glaive!
The orc hits you but does no damage.
The orc warrior hits you from afar with a +0 spear.
The orc warrior barely misses you.
The orc warrior hits you from afar with a +0 glaive!
The orc warrior hits you from afar with a +0 glaive!!
* * * LOW HITPOINT WARNING * * *
The orc warrior closely misses you.
You feel much better.
The orc warrior hits you from afar with a +0 glaive.
The orc warrior hits you from afar with a +0 spear!
You feel very buoyant.
You fly up into the air.
The orc warrior misses you.
The orc warrior hits you with a +0 glaive!!
* * * LOW HITPOINT WARNING * * *
The orc closely misses you.
The orc warrior hits you with a +0 spear!!
You die...

≈≈..##
##.≈≈..#
#∩.≈≈..#
#.≈≈..#
#.≈..#
#.≈.#
#.≈o##
#.≈oo#####
#.≈@≈≈≈≈≈##
#.........#
########.##
####...##
##∩..####
#∩#### ###


You could see 2 orc warriors and an orc.

Vanquished Creatures
  Joseph (D:8)
  Maggie (D:8)
  Grinder (D:4)
  Prince Ribbit (D:6)
  A hippogriff (D:8)
  Eustachio (D:6)
  The ghost of chimenez the Cudgeler, an amateur FoMo (D:6)
  Edmund (D:6)
  The ghost of chimenez the Slasher, an amateur OpFi (D:4)
  A hungry ghost (D:7)
  A water moccasin (D:7)
  Duvessa (D:4)
  A phantom (D:5)
  A sky beast (D:6)
  2 ogres
  3 centaurs
  Blork the orc (D:4)
  An elf zombie (D:5)
  3 bullfrogs
  An elf skeleton (D:5)
  Dowan (D:4)
  9 scorpions
  4 wights (D:6)
  2 howler monkeys
  3 crimson imps
  A centaur zombie (Ossuary)
  2 centaur skeletons
  2 jellies
  3 human zombies
  5 orc priests
  A bullfrog skeleton (D:6)
  2 hounds
  A human skeleton (D:5)
  Natasha (thrice) (D:4)
  4 iguanas
  6 orc wizards
  6 worker ants
  2 big kobold zombies (Ossuary)
  A centaur simulacrum (D:6)
  2 hound zombies (D:5)
  3 mummies (Ossuary)
  A scorpion zombie (Ossuary)
  3 gnolls (D:4)
  13 adders
  2 shadow imps
  An ooze (D:2)
  A spectral adder (D:6)
  An adder zombie (D:6)
  A worm (D:4)
  3 dart slugs
  7 leopard geckos
  19 orcs
  A ball python (D:5)
  4 bats
  4 giant cockroaches
  2 gnoll zombies (Ossuary)
  12 goblins
  5 hobgoblins
  8 jackals
  4 quokkas
  A ball python zombie (D:5)
  5 frilled lizards
  2 goblin zombies (Ossuary)
  3 hobgoblin zombies (Ossuary)
  8 kobolds
  A kobold zombie (Ossuary)
  A leopard gecko skeleton (D:4)
  2 orc skeletons (D:5)
  3 orc zombies (Ossuary)
  2 quokka zombies (D:6)
  8 rats
216 creatures vanquished.

Notes
Turn   | Place    | Note
-------+----------+-------------------------------------------
     0 | D:1      | Allula97 the Draconian Transmuter began the quest for the
                  | Orb.
     0 | D:1      | Reached XP level 1. HP: 16/16 MP: 3/3
   396 | D:1      | You fall into a shaft and drop 1 floor!
   417 | D:2      | Reached XP level 2. HP: 6/23 MP: 5/5
   751 | D:2      | Reached XP level 3. HP: 24/29 MP: 6/6
  1691 | D:2      | Reached XP level 4. HP: 36/36 MP: 7/7
  1883 | D:2      | Found a burning altar of Makhleb.
  2282 | D:3      | Found a sacrificial altar of Ru.
  2293 | D:3      | Reached XP level 5. HP: 38/42 MP: 9/9
  2381 | D:3      | Found a shimmering altar of Xom.
  2396 | D:3      | Found a glowing golden altar of the Shining One.
  2396 | D:3      | Found a sparkling altar of Nemelex Xobeh.
  2396 | D:3      | Found a snail-covered altar of Cheibriados.
  2396 | D:3      | Found a stormy altar of Qazlal.
  2397 | D:3      | Found a blossoming altar of Fedhas.
  2400 | D:3      | Found an iron altar of Okawaru.
  2401 | D:3      | Found an ancient bone altar of Kikubaaqudgha.
  2404 | D:3      | Became a worshipper of Cheibriados the Contemplative
  3042 | D:4      | Noticed Blork the orc
  3053 | D:4      | Killed Blork the orc
  3053 | D:4      | Reached * piety under Cheibriados
  3053 | D:4      | Reached skill level 1 in Invocations
  3053 | D:4      | Reached XP level 6. HP: 19/51 MP: 10/10
  3118 | D:4      | Noticed Grinder
  3130 | D:4      | Paralysed by Grinder for 2 turns
  3136 | D:4      | Killed Grinder
  3136 | D:4      | Your scales start taking on a rich purple colour.
  3136 | D:4      | Reached XP level 7. HP: 19/57 MP: 11/13
  3182 | D:4      | Found Eklaal's General Store.
  3223 | D:4      | Noticed Natasha
  3234 | D:4      | Killed Natasha
  3271 | D:4      | Found Zyvireo's Serpentskin Sales.
  3345 | D:4      | Noticed Duvessa
  3347 | D:4      | Noticed Dowan
  3363 | D:4      | Killed Duvessa
  3375 | D:4      | Killed Dowan
  3380 | D:4      | Learned a level 3 spell: Spider Form
  3385 | D:4      | Learned a level 4 spell: Ice Form
  3391 | D:4      | Learned a level 5 spell: Blade Hands
  3444 | D:4      | Found a runed translucent door.
  3444 | D:4      | Noticed chimenez's ghost (amateur OpFi)
  3458 | D:4      | Killed chimenez's ghost
  3532 | D:4      | Noticed Natasha
  3538 | D:4      | Killed Natasha
  3538 | D:4      | Reached skill level 5 in Spellcasting
  3538 | D:4      | Reached XP level 8. HP: 65/67 MP: 15/15
  3562 | D:4      | Noticed Natasha
  3574 | D:4      | Killed Natasha
  3610 | D:5      | Entered Level 5 of the Dungeon
  3670 | D:5      | Reached skill level 5 in Unarmed Combat
  3701 | D:5      | Reached ** piety under Cheibriados
  3814 | D:5      | Found a sand-covered staircase.
  3836 | Ossuary  | Entered an ossuary
  3904 | Ossuary  | Reached skill level 5 in Fighting
  3965 | Ossuary  | Reached skill level 5 in Transmutations
  4094 | Ossuary  | Reached *** piety under Cheibriados
  4103 | Ossuary  | Reached skill level 1 in Stealth
  4106 | Ossuary  | Reached XP level 9. HP: 54/74 MP: 16/18
  4280 | D:5      | Got a sparkling lapis lazuli ring
  4281 | D:5      | Identified the ring "Hasiw" {Wiz rElec} (You found it on
                  | level 5 of the Dungeon)
  4672 | D:5      | Reached **** piety under Cheibriados
  4859 | D:6      | Noticed Edmund
  4877 | D:6      | Killed Edmund
  4877 | D:6      | Reached skill level 1 in Ice Magic
  4892 | D:6      | Noticed Eustachio
  4894 | D:6      | Found a staircase to the Ecumenical Temple.
  4899 | D:6      | Noticed Prince Ribbit
  4906 | D:6      | Killed Eustachio
  4906 | D:6      | Reached skill level 5 in Dodging
  4925 | D:6      | Killed Prince Ribbit
  4932 | Temple   | Entered the Ecumenical Temple
  5067 | D:6      | Found an opulent altar of Gozag.
  5326 | D:6      | Found a runed translucent gate.
  5327 | D:6      | Found a runed translucent gate.
  5327 | D:6      | Found a runed translucent gate.
  5329 | D:6      | Noticed chimenez's ghost (amateur FoMo)
  5341 | D:6      | Killed chimenez's ghost
  5476 | D:6      | Gained mutation: You are occasionally teleported next to
                  | monsters. [potion of mutation]
  5476 | D:6      | Gained mutation: Your muscles are strong. (Str +2) [potion
                  | of mutation]
  5477 | D:6      | Lost mutation: Your muscles are strong. (Str +2) [potion of
                  | mutation]
  5477 | D:6      | Lost mutation: You are occasionally teleported next to
                  | monsters. [potion of mutation]
  5477 | D:6      | Gained mutation: You have large cloven feet. [potion of
                  | mutation]
  5477 | D:6      | Gained mutation: You have an increased reservoir of magic.
                  | (+10% MP) [potion of mutation]
  5845 | D:7      | Reached XP level 10. HP: 71/83 MP: 22/22
  6047 | D:7      | Reached ***** piety under Cheibriados
  6342 | D:8      | Noticed Joseph
  6344 | D:8      | Noticed Maggie
  6358 | D:8      | Killed Maggie
  6365 | D:8      | Killed Joseph
  6423 | D:8      | Found a flagged portal.
  6433 | Bailey   | Entered a bailey
  6437 | Bailey   | Learned a level 2 spell: Ensorcelled Hibernation
  6441 | Bailey   | Learned a level 3 spell: Tukima's Dance
  6466 | Bailey   | Mangled by an orc warrior

Illustrated notes

Levels and vault maps discovered:
D:1:      dpeg_arrival_court, layout_basic, minmay_octomino_c4
D:2:      layout_loops_ring, makhleb_blood_cavern_becter, first_ration,
          minivault_27, grunt_decor_mini_mirrors
D:3:      layout_loops_ring, nicolae_ru_great_annihilating_truth, minitemple,
          serial_bayou, serial_bayou_pond_d, serial_bayou_shore_b,
          serial_bayou_shore_b, serial_bayou_shore_b
D:4:      layout_rooms, ebering_ghost_reflecting_pool, serial_shops, shop,
          guppyfry_shop_venom, uniq_natasha, uniq_blork_the_orc, uniq_grinder,
          uniq_duvessa
D:5:      layout_loops_ring, nicolae_ossuary_entry_catacombs,
          minmay_misc_feat_square, st_stairs_4, minmay_ogre_servants
D:6:      layout_rooms, minmay_temple_entry_sparse_star,
          gammafunk_ghost_necromancy, nicolae_gozag_seed_capital,
          uniq_eustachio, uniq_edmund, uniq_prince_ribbit1
D:7:      layout_basic
D:8:      layout_rooms, enter_bailey_2, uniq_joseph, uniq_maggie
Temple:   minmay_temple_bridge_abc
Bailey:   bailey_polearm_1, bailey

Skill      XL: |  1  2  3  4  5  6  7  8  9 10 |
---------------+-------------------------------+-----
Dodging        | 2 3 4 5 |  5.4
Fighting       | 2 3 4 5 6 |  6.5
Transmutations | 3 4 5 6 |  6.8
Spellcasting   | 3 4 5 6 7 |  7.6
Unarmed Combat | 4 5 6 7 |  7.3
Invocations    | 1 2 3 4 |  4.6
Stealth        | 1 2 3 |  3.0
Ice Magic      | 2 |  2.6

Action                   |  1- 3 |  4- 6 |  7- 9 | 10-12 || total
-------------------------+-------+-------+-------+-------++-------
Melee: Unarmed           |    76 |       |   415 |    55 ||   546
       Kick              |     7 |     1 |    20 |    28 ||    56
       Headbutt          |     1 |     1 |    27 |       ||    29
       Tailslap          |     7 |     9 |    82 |    11 ||   109
       Dagger            |    22 |       |       |       ||    22
       Hand axe          |     1 |   104 |     3 |       ||   108
       Punch             |     1 |     2 |    14 |     2 ||    19
Throw: Dart              |       |     1 |    10 |     4 ||    15
 Cast: Beastly Appendage |    10 |     6 |    12 |       ||    28
       Spider Form       |       |       |     2 |       ||     2
       Blade Hands       |       |       |     9 |     1 ||    10
Invok: Bend Time         |       |       |     1 |       ||     1
       Slouch            |       |       |       |     1 ||     1
 Abil: Breathe Dispellin |       |       |    11 |     3 ||    14
  Use: Potion            |     1 |     3 |     5 |     5 ||    14
       Scroll            |       |       |    12 |     4 ||    16
 Stab: Sleeping          |     2 |       |     4 |     2 ||     8
       Paralysed         |       |     1 |       |       ||     1
       Distracted        |       |       |     1 |       ||     1
  Eat: Chunk             |     2 |     6 |     4 |       ||    12
       Ration            |       |       |     2 |       ||     2
Armor: Skin              |    22 |    37 |    75 |    28 ||   162
Dodge: Dodged            |    54 |   103 |   303 |    86 ||   546
